 Dungeon Crawl Stone Soup version 0.14.0-12-g87ee3b7 (webtiles) character file.

295 sprout the Sneak (level 5, -2/39 HPs)
             Began as a Demonspawn Assassin on Apr 15, 2014.
             Slain by Grinder (8 damage)
             ... on Level 3 of the Dungeon.
             The game lasted 00:13:47 (2021 turns).

sprout the Sneak (Demonspawn Assassin)              Turns: 2021, Time: 00:13:48

HP  -2/39        AC  7     Str 12      XL: 5   Next: 32%
MP   5/5         EV 13     Int 12      God:
Gold 116         SH  0     Dex 14      Spells:  0 memorised,  4 levels left

rFire  . . .     SeeInvis .     a - +2,+5 dagger
rCold  . . .     Clarity  .     c - +0 robe
rNeg   . . .     Conserve .     (no shield)
rPois  .         rCorr    .     (no helmet)
rElec  .         rRot     .     d - +0 cloak
SustAb . .       Spirit   .     (no gloves)
rMut   .         Warding  .     (no boots)
Saprov . . .     Stasis   .     (no amulet)
MR     .....                    (no ring)
                                (no ring)

@: not resistant to hostile enchantments, stealthy
A: claws 1, rough black scales 1, powered by death 1, spiny 1
a: no special abilities


You were on level 3 of the Dungeon.
You were not hungry.

You visited 1 branch of the dungeon, and saw 3 of its levels.

You collected 116 gold pieces.

Inventory:

Hand weapons
 a - a +2,+5 dagger (weapon)
 b - a +0 blowgun
Missiles
 e - 8 poisoned needles
 f - 2 curare-tipped needles
Armour
 c - a +0 robe (worn)
 d - a +0 cloak (worn)
Comestibles
 g - 2 bread rations
 i - a meat ration
 n - 2 pears
Scrolls
 j - 4 scrolls of identify {unknown}
 l - 2 scrolls of teleportation {unknown}
 q - 2 scrolls of immolation {unknown}
 r - a scroll of magic mapping {unknown}
 t - a scroll of enchant weapon I {unknown}
 v - a scroll of remove curse {unknown}
Jewellery
 k - a +4 ring of dexterity {unknown}
Potions
 h - a potion of confusion {unknown}
 m - a potion of restore abilities {unknown}
 o - 2 potions of curing {unknown}
 p - a potion of haste {unknown}
 s - a potion of flight {unknown}
 u - a potion of mutation {unknown}


   Skills:
 + Level 2.5 Fighting
 - Level 2.1 Short Blades
 + Level 2.0 Throwing
 + Level 2.8 Dodging
 + Level 4.9 Stealth
 * Level 0.5 Unarmed Combat


You had 4 spell levels left.
You didn't know any spells.

Dungeon Overview and Level Annotations

Branches:
Dungeon (3/15)

Altars:
Ashenzari
Cheibriados
Fedhas
Vehumet
Yredelemnul
The Shining One

Annotations:
D:3 Grinder


Innate Abilities, Weirdness & Mutations

You have sharp fingernails.
You are partially covered in rough black scales (AC +4, Dex -1).
You can steal the life force of nearby defeated enemies.
You are partially covered in sharp spines.


Message History

Grinder is moderately wounded.
Grinder barely misses you.
You hit Grinder.
Grinder is heavily wounded.
Grinder hits you but does no damage.
You hit Grinder.
Grinder is heavily wounded.
You hit Grinder.
Grinder is heavily wounded.
Grinder is struck by your spines. Grinder barely misses you.
You closely miss Grinder.
Grinder is severely wounded.
Grinder hits you!
* * * LOW HITPOINT WARNING * * *
You writhe in agony.
* * * LOW HITPOINT WARNING * * *
You barely miss Grinder.
Grinder is severely wounded.
Grinder hits you!
You die...

####5# # ##....# #
#####...##### #
##...##.##...## #
#.8.8.#.#.8.8.# #
#.._..#.#.._..# #
#.8...#.#...8.# #
##...'#.#'...### #
#..#####.@.#####.####
#
#........5...%......#
#
#..#####...#####.##.#
# ##...'#.#'...####.#
# #.8...#.#...8.# #)#
# #.._..#.#.._..#
#.######
#.8.8.#.#.8.8.#
#.......
##...##.##...##
#.######
#####...##### #.#


You could see Grinder.

Vanquished Creatures
  The ghost of murphyslaw the Digger, a weakling GrEE (D:3)
  An orc wizard (D:3)
  A gnoll (D:2)
  4 adders
  2 worms
  3 giant geckos
  An ooze (D:2)
  6 orcs (D:3)
  A ball python (D:3)
  4 giant cockroaches
  11 hobgoblins
  A quokka (D:3)
  5 bats
  6 giant newts
  4 goblins
  5 kobolds
  7 rats
63 creatures vanquished.

Notes
Turn   | Place    | Note
--------------------------------------------------------------
     0 | D:1      | sprout, the Demonspawn Assassin, began the quest for the Orb.
     0 | D:1      | Reached XP level 1. HP: 16/16 MP: 1/1
    28 | D:1      | Found a shattered altar of Ashenzari.
    75 | D:1      | Reached skill level 1 in Dodging
   142 | D:1      | Reached skill level 4 in Stealth
   327 | D:1      | Gained mutation: You are partially covered in sharp spines. [demonic ancestry]
   327 | D:1      | Reached XP level 2. HP: 6/22 MP: 2/2
   874 | D:2      | Gained mutation: You are partially covered in rough black scales (AC +4, Dex -1). [demonic ancestry]
   874 | D:2      | Reached XP level 3. HP: 27/27 MP: 3/3
  1243 | D:2      | Gained mutation: You can steal the life force of nearby defeated enemies. [demonic ancestry]
  1243 | D:2      | Reached XP level 4. HP: 27/34 MP: 4/4
  1473 | D:3      | Found a blossoming altar of Fedhas.
  1534 | D:3      | Found a snail-covered altar of Cheibriados.
  1537 | D:3      | Found a basalt altar of Yredelemnul.
  1546 | D:3      | Found a radiant altar of Vehumet.
  1555 | D:3      | Found a glowing golden altar of the Shining One.
  1618 | D:3      | Gained mutation: You have sharp fingernails. [demonic ancestry]
  1618 | D:3      | Reached XP level 5. HP: 39/39 MP: 5/5
  1681 | D:3      | Noticed murphyslaw's ghost (weakling GrEE)
  1691 | D:3      | Killed murphyslaw's ghost
  1957 | D:3      | Noticed Grinder
  1963 | D:3      | Paralysed by Grinder for 3 turns
  1972 | D:3      | Paralysed by Grinder for 2 turns
  1988 | D:3      | Paralysed by Grinder for 7 turns
  2021 | D:3      | Slain by Grinder

Action                   |  1- 3 |  4- 6 || total
-------------------------+-------+-------++-------
Melee: Dagger            |   114 |    72 ||   186
  Use: Scroll            |     4 |       ||     4
 Stab: Sleeping          |     4 |     3 ||     7
